TL
AMARILLO GOLD SOX @ ROUND ROCK EXPRESS
06/29/1982
 
TOP OF THE 1ST
Amarillo Gold Sox batting - Pitching for Round Rock Express : LHP Bill Krueger
Pitching: LHP Bill Krueger
Batting: SHB Mike Felder 0-0: Foul Ball, location: 2F
0-1: Ball
1-1: Foul Ball, location: 2F
1-2: Ball
2-2: Ground out 4-3 (Groundball, 4, EV 108.8 MPH)
Batting: RHB Bill Pecota 0-0: Ground out 5-3 (Groundball, 56S, EV 66.3 MPH)
Batting: SHB Al Newman 0-0: Ground out U3 (Groundball, 13, EV 88.8 MPH)
Top of the 1st over - 0 runs, 0 hits, 0 errors, 0 left on base; Amarillo 0 - Round Rock 0
BOTTOM OF THE 1ST
Round Rock Express batting - Pitching for Amarillo Gold Sox : RHP Christopher DiLorenzo
Pitching: RHP Christopher DiLorenzo
Batting: RHB Gerald Miller 0-0: Ball
1-0: Ground out 4-3 (Groundball, 4, EV 76.9 MPH)
Batting: LHB Luis Armijo 0-0: Ball
1-0: Swinging Strike
1-1: Called Strike
1-2: Foul Ball, location: 2F
1-2: Ball
2-2: Ball
3-2: Base on Balls
Batting: RHB Alejandro Sanchez 0-0: Fielders Choice at 2nd, 4-6 (Groundball, 4, EV 90.0 MPH)
Batting: LHB Al Chambers 0-0: Called Strike
0-1: Ball
Alejandro Sanchez steals 2nd base
1-1: Ball
2-1: 2-RUN HOME RUN (Flyball, 9D, EV 105.0 MPH), Distance : 375 ft
Batting: RHB Martyn Maxwell 0-0: Ball
1-0: Called Strike
1-1: Ball
2-1: Ball
3-1: Base on Balls
Batting: LHB James Jennings 0-0: Ball
1-0: Ball
2-0: Swinging Strike
2-1: Ball
3-1: Called Strike
3-2: Foul Ball, location: 2F
3-2: Foul Ball, location: 2F
3-2: Ground out 6-3 (Groundball, 56, EV 102.5 MPH)
Bottom of the 1st over - 2 runs, 1 hit, 0 errors, 1 left on base; Amarillo 0 - Round Rock 2
TOP OF THE 2ND
Amarillo Gold Sox batting - Pitching for Round Rock Express : LHP Bill Krueger
Batting: SHB Steve Jeltz 0-0: Fly out, F8 (Line Drive, 8LD, EV 90.0 MPH)
Batting: LHB Louie Meadows 0-0: Swinging Strike
0-1: Foul Ball, location: 2F
0-2: Strikes out swinging
Batting: LHB Derwin McNealy 0-0: Called Strike
0-1: Ball
1-1: Foul Ball, location: 2F
1-2: Strikes out looking
Top of the 2nd over - 0 runs, 0 hits, 0 errors, 0 left on base; Amarillo 0 - Round Rock 2
BOTTOM OF THE 2ND
Round Rock Express batting - Pitching for Amarillo Gold Sox : RHP Christopher DiLorenzo
Batting: LHB William Sobbe 0-0: Ball
1-0: Ground out 4-3 (Groundball, 4, EV 86.9 MPH)
Batting: RHB Mike Sodders 0-0: Called Strike
0-1: Ball
1-1: Fly out, F9 (Flyball, 9, EV 91.3 MPH)
Batting: RHB Val Medina 0-0: Foul Ball, location: 2F
0-1: Fly out, F7 (Flyball, 78S, EV 87.5 MPH)
Bottom of the 2nd over - 0 runs, 0 hits, 0 errors, 0 left on base; Amarillo 0 - Round Rock 2
TOP OF THE 3RD
Amarillo Gold Sox batting - Pitching for Round Rock Express : LHP Bill Krueger
Batting: RHB Vic Alvarado 0-0: Ball
1-0: Ball
2-0: Foul Ball, location: 2F
2-1: Ball
3-1: Foul Ball, location: 2F
3-2: SINGLE (Line Drive, 3D, EV 98.1 MPH)
Batting: RHB Chino Cadahia 0-0: Ball
1-0: Ball
2-0: Grounds into double play, 6-4-3 (Groundball, 6, EV 79.4 MPH)
Batting: RHB Todd Smith 0-0: Called Strike
0-1: Ball
1-1: Ball
2-1: Fly out, F6 (Popup, 6MS, EV 86.9 MPH)
Top of the 3rd over - 0 runs, 1 hit, 0 errors, 0 left on base; Amarillo 0 - Round Rock 2
BOTTOM OF THE 3RD
Round Rock Express batting - Pitching for Amarillo Gold Sox : RHP Christopher DiLorenzo
Batting: RHB Gerald Miller 0-0: Ball
1-0: Ball
2-0: Ball
3-0: Base on Balls
Batting: LHB Luis Armijo 0-0: Ball
1-0: Ball
2-0: Ball
3-0: Base on Balls
Gerald Miller to second
Batting: RHB Alejandro Sanchez 0-0: Ball
1-0: Ball
2-0: Called Strike
2-1: Swinging Strike
2-2: Ball
3-2: Fly out, F9 (Flyball, 9S, EV 92.5 MPH)
Batting: LHB Al Chambers 0-0: Ball
1-0: Swinging Strike
1-1: Foul Ball, location: 2F
1-2: Fly out, F9 (Flyball, 89S, EV 93.1 MPH)
Batting: RHB Martyn Maxwell 0-0: Swinging Strike
0-1: Foul Ball, location: 2F
0-2: Ball
1-2: Fly out, F7 (Flyball, 7D, EV 93.8 MPH)
Bottom of the 3rd over - 0 runs, 0 hits, 0 errors, 2 left on base; Amarillo 0 - Round Rock 2
TOP OF THE 4TH
Amarillo Gold Sox batting - Pitching for Round Rock Express : LHP Bill Krueger
Batting: SHB Mike Felder 0-0: Ball
1-0: Ground out 5-3 (Groundball, 5, EV 104.4 MPH)
Batting: RHB Bill Pecota 0-0: Called Strike
0-1: TRIPLE (Line Drive, 78XD, EV 104.4 MPH)
Batting: SHB Al Newman 0-0: Called Strike
0-1: SINGLE (Groundball, 25, EV 68.1 MPH) (infield hit)
Batting: SHB Steve Jeltz 0-0: Called Strike
Al Newman is caught stealing 2nd base 2-4
0-1: Ball
1-1: Ball
2-1: Ground out 5-3 (Groundball, 56, EV 79.4 MPH)
Top of the 4th over - 0 runs, 2 hits, 0 errors, 1 left on base; Amarillo 0 - Round Rock 2
BOTTOM OF THE 4TH
Round Rock Express batting - Pitching for Amarillo Gold Sox : RHP Christopher DiLorenzo
Batting: LHB James Jennings 0-0: Ball
1-0: Ball
2-0: TRIPLE (Flyball, 8LXD, EV 101.3 MPH)
Batting: LHB William Sobbe 0-0: Called Strike
0-1: DOUBLE (Flyball, 78D, EV 105.0 MPH)
James Jennings scores
Batting: RHB Mike Sodders 0-0: Ball
1-0: Foul Ball, location: 2F
1-1: Ball
2-1: 2-RUN HOME RUN (Flyball, 7D, EV 97.5 MPH), Distance : 383 ft
Batting: RHB Val Medina 0-0: Reached on error, E4 (Line Drive, 4, EV 76.9 MPH)
Batting: RHB Gerald Miller 0-0: Swinging Strike
0-1: Fly out, F7 (Flyball, 78S, EV 93.1 MPH)
Batting: LHB Luis Armijo 0-0: Fly out, F7 (Flyball, 7LD, EV 103.1 MPH)
Batting: RHB Alejandro Sanchez 0-0: Ball
1-0: Ball
Val Medina steals 2nd base
2-0: Called Strike
2-1: Ball
Wild Pitch!
Val Medina to third
3-1: Ground out 6-3 (Groundball, 6, EV 101.9 MPH)
Bottom of the 4th over - 3 runs, 3 hits, 1 error, 1 left on base; Amarillo 0 - Round Rock 5
TOP OF THE 5TH
Amarillo Gold Sox batting - Pitching for Round Rock Express : LHP Bill Krueger
Batting: LHB Louie Meadows 0-0: Foul Ball, location: 2F
0-1: Ball
1-1: Ball
2-1: Foul Ball, location: 2F
2-2: Ball
3-2: Fly out, F8 (Line Drive, 8RD, EV 105.0 MPH)
Batting: LHB Derwin McNealy 0-0: Ball
1-0: Ball
2-0: Called Strike
2-1: Foul Ball, location: 2F
2-2: Fly out, F9 (Line Drive, 9, EV 110.6 MPH)
Batting: RHB Vic Alvarado 0-0: Called Strike
0-1: Fly out, F8 (Line Drive, 8RD, EV 106.3 MPH)
Top of the 5th over - 0 runs, 0 hits, 0 errors, 0 left on base; Amarillo 0 - Round Rock 5
BOTTOM OF THE 5TH
Round Rock Express batting - Pitching for Amarillo Gold Sox : RHP Christopher DiLorenzo
Batting: LHB Al Chambers 0-0: Ball
1-0: Called Strike
1-1: Ball
2-1: Ball
3-1: Base on Balls
Batting: RHB Martyn Maxwell 0-0: Called Strike
Al Chambers steals 2nd base
0-1: Hit by Pitch
Batting: LHB James Jennings 0-0: Bunted foul
0-1: Bunt missed!
0-2: Strikes out swinging
Batting: LHB William Sobbe 0-0: Swinging Strike
0-1: Ball
Al Chambers is caught stealing 3rd base 2-5
1-1: SINGLE (Groundball, 3D, EV 103.8 MPH)
Martyn Maxwell to second
Runner from 2nd tries for 3rd, SAFE, no throw by RF
Batting: RHB Mike Sodders 0-0: Ball
1-0: Called Strike
1-1: Foul Ball, location: 2F
1-2: Fielders Choice at 2nd, 6-4 (Groundball, 6, EV 88.1 MPH)
Bottom of the 5th over - 0 runs, 1 hit, 0 errors, 2 left on base; Amarillo 0 - Round Rock 5
TOP OF THE 6TH
Amarillo Gold Sox batting - Pitching for Round Rock Express : LHP Bill Krueger
Batting: RHB Chino Cadahia 0-0: Foul Ball, location: 2F
0-1: Foul Ball, location: 2F
0-2: Ball
1-2: Foul Ball, location: 2F
1-2: Foul Ball, location: 2F
1-2: Foul Ball, location: 2F
1-2: Ball
2-2: Foul Ball, location: 2F
2-2: Foul Ball, location: 2F
2-2: Ball
3-2: Base on Balls
Batting: RHB Todd Smith 0-0: Foul Ball, location: 2F
0-1: Foul Ball, location: 2F
0-2: Ball
1-2: Strikes out looking
Batting: SHB Mike Felder 0-0: Ball
1-0: Ball
2-0: Called Strike
2-1: Ball
3-1: Base on Balls
Chino Cadahia to second
Batting: RHB Bill Pecota 0-0: Reached on error, E5 (Groundball, 5, EV 92.5 MPH)
Chino Cadahia to third
Mike Felder to second
Batting: SHB Al Newman 0-0: Called Strike
0-1: Called Strike
0-2: Ball
1-2: Ball
2-2: Fly out, F8 (Flyball, 8LS, EV 68.1 MPH)
Batting: SHB Steve Jeltz 0-0: Fly out, F6 (Popup, 6M, EV 63.1 MPH)
Top of the 6th over - 0 runs, 0 hits, 1 error, 3 left on base; Amarillo 0 - Round Rock 5
BOTTOM OF THE 6TH
Round Rock Express batting - Pitching for Amarillo Gold Sox : RHP Christopher DiLorenzo
Batting: RHB Val Medina 0-0: Ball
1-0: Foul Ball, location: 2F
1-1: Foul Ball, location: 2F
1-2: Ball
2-2: Foul Ball, location: 2F
2-2: Ground out 5-3 (Groundball, 56, EV 90.0 MPH)
Pitching: RHP Denny Schafer
Batting: RHB Gerald Miller 0-0: Ball
1-0: Fly out, F8 (Flyball, 8LM, EV 82.5 MPH)
Batting: LHB Luis Armijo 0-0: Ball
1-0: Fly out, F8 (Line Drive, 8RD, EV 90.6 MPH)
Bottom of the 6th over - 0 runs, 0 hits, 0 errors, 0 left on base; Amarillo 0 - Round Rock 5
TOP OF THE 7TH
Amarillo Gold Sox batting - Pitching for Round Rock Express : LHP Bill Krueger
Batting: LHB Louie Meadows 0-0: Ball
1-0: Ball
2-0: Foul Ball, location: 2F
2-1: Ball
3-1: Fly out, F9 (Line Drive, 9D, EV 96.9 MPH)
Batting: LHB Derwin McNealy 0-0: Ball
1-0: Ball
2-0: Foul Ball, location: 2F
2-1: Ball
3-1: Fly out, F4 (Popup, 34D, EV 46.9 MPH)
Batting: RHB Vic Alvarado 0-0: Foul Ball, location: 2F
0-1: Called Strike
0-2: Ground out 5-3 (Groundball, 56, EV 80.0 MPH)
Top of the 7th over - 0 runs, 0 hits, 0 errors, 0 left on base; Amarillo 0 - Round Rock 5
BOTTOM OF THE 7TH
Round Rock Express batting - Pitching for Amarillo Gold Sox : RHP Denny Schafer
Batting: RHB Alejandro Sanchez 0-0: Called Strike
0-1: Fly out, F9 (Flyball, 9D, EV 96.9 MPH)
Batting: LHB Al Chambers 0-0: Called Strike
0-1: Foul Ball, location: 2F
0-2: Ball
1-2: DOUBLE (Groundball, 5L, EV 98.8 MPH)
Batting: RHB Martyn Maxwell 0-0: Ball
1-0: SINGLE (Groundball, 6D, EV 110.6 MPH)
Al Chambers to third
Runner from 3rd tries for Home, SAFE, throw by CF to home
Batting: LHB James Jennings 0-0: Ball
1-0: Foul Ball, location: 2F
1-1: Ball
2-1: Foul Ball, location: 2F
2-2: Ball
3-2: Foul Ball, location: 2F
3-2: Fly out, F8 (Flyball, 89M, EV 92.5 MPH)
Batting: LHB William Sobbe 0-0: Ball
1-0: Foul Ball, location: 2F
1-1: Ground out 6-3 (Groundball, 6M, EV 100.6 MPH)
Bottom of the 7th over - 1 run, 2 hits, 0 errors, 1 left on base; Amarillo 0 - Round Rock 6
TOP OF THE 8TH
Amarillo Gold Sox batting - Pitching for Round Rock Express : LHP Bill Krueger
Batting: RHB Chino Cadahia 0-0: Called Strike
0-1: Ball
1-1: Foul Ball, location: 2F
1-2: Ball
2-2: Ball
3-2: Foul Ball, location: 2F
3-2: Foul Ball, location: 2F
3-2: Fly out, F8 (Flyball, 8RM, EV 95.6 MPH)
Batting: RHB Todd Smith 0-0: Foul Ball, location: 2F
0-1: Fly out, F9 (Flyball, 9S, EV 90.6 MPH)
Batting: SHB Mike Felder 0-0: Ball
1-0: Foul Ball, location: 2F
1-1: Foul Ball, location: 2F
1-2: Ball
2-2: Ball
3-2: Strikes out swinging
Top of the 8th over - 0 runs, 0 hits, 0 errors, 0 left on base; Amarillo 0 - Round Rock 6
BOTTOM OF THE 8TH
Round Rock Express batting - Pitching for Amarillo Gold Sox : RHP Denny Schafer
Batting: RHB Mike Sodders 0-0: Ball
1-0: Swinging Strike
1-1: Swinging Strike
1-2: Ball
2-2: Strikes out looking
Batting: RHB Val Medina 0-0: Ball
1-0: Swinging Strike
1-1: Ball
2-1: Ball
3-1: Swinging Strike
3-2: Strikes out looking
Batting: RHB Gerald Miller 0-0: Swinging Strike
0-1: Ball
1-1: Foul Ball, location: 2F
1-2: Ball
2-2: Foul Ball, location: 2F
2-2: Ball
3-2: Base on Balls
Batting: LHB Luis Armijo 0-0: Swinging Strike
0-1: Ball
1-1: Ball
2-1: SINGLE (Groundball, 3D, EV 98.1 MPH)
Gerald Miller to second
Runner from 2nd tries for 3rd, OUT! 9-5
Bottom of the 8th over - 0 runs, 1 hit, 0 errors, 1 left on base; Amarillo 0 - Round Rock 6
TOP OF THE 9TH
Amarillo Gold Sox batting - Pitching for Round Rock Express : LHP Bill Krueger
Batting: RHB Bill Pecota 0-0: Ball
1-0: Fly out, F8 (Line Drive, 8RD, EV 90.6 MPH)
Batting: SHB Al Newman 0-0: Ball
1-0: Called Strike
1-1: Ground out U3 (Groundball, 3, EV 95.6 MPH)
Batting: SHB Steve Jeltz 0-0: Ball
1-0: Called Strike
1-1: Foul Ball, location: 2F
1-2: Ground out 6-3 (Groundball, 6, EV 91.3 MPH)
Top of the 9th over - 0 runs, 0 hits, 0 errors, 0 left on base; Amarillo 0 - Round Rock 6
Wednesday, August 12th, 2020 - OOTP Baseball 21.5 Build 76